[Event "World Junior U20 Open 2018"]
[Site "Gebze"]
[Date "2018.09.06"]
[Round "2.74"]
[White "Milosevic, Milos"]
[Black "Ozturk, Efe Hakan"]
[Result "1-0"]
[ECO "B23"]
[WhiteElo "2292"]
[BlackElo "2065"]
[Annotator "NA"]
[PlyCount "59"]
[EventDate "2018.09.05"]
[EventType "swiss"]
[EventCountry "TUR"]
[SourceTitle "playchess.com"]
[Source "ChessBase"]
[SourceQuality "1"]
[TimeControl "40/5400+30:1800+30"]

1. e4 c5 2. Nc3 d6 3. d4 cxd4 4. Qxd4 Nc6 5. Qd2 g6 6. b3 Bg7 7. Bb2 Nf6 8. O-O-O O-O 9. f3 a6 10. g4 b5 11. h4 h5 12. Nd5 e5 13. Nxf6+ $16 Qxf6 14. gxh5 gxh5 15. Kb1 Bh6 16. Qf2 Bb7 17. Nh3 Rac8 18. Ng5 Nb4 19. Rd2 d5 20. a3 Nxc2 21. Rxc2 dxe4 22. Rg1 Kh8 23. Rxc8 Bxc8 24. f4 Bf5 25. Ka2 Qe7 26. fxe5 Bg6 27. e6+ Bg7 28. Nxf7+ Kh7 29. Rxg6 Kxg6 30. Qg3+ 1-0

[Event "World Junior U20 Open 2018"]
[Site "Gebze"]
[Date "2018.09.06"]
[Round "2.75"]
[White "Daghan, Devran"]
[Black "Taalaibekov, Tagir"]
[Result "0-1"]
[ECO "B07"]
[WhiteElo "2004"]
[BlackElo "2291"]
[Annotator "NA"]
[PlyCount "68"]
[EventDate "2018.09.05"]
[EventType "swiss"]
[EventCountry "TUR"]
[SourceTitle "playchess.com"]
[Source "ChessBase"]
[SourceQuality "1"]
[TimeControl "40/5400+30:1800+30"]

1. e4 d6 2. d4 Nf6 3. Nc3 Nbd7 4. Be3 e5 5. f3 Be7 6. Nge2 c6 7. Qd2 Qc7 8. O-O-O a6 9. g4 b5 10. Ng3 exd4 11. Qxd4 $16 Ne5 12. Be2 c5 13. Nd5 Nxd5 14. Qxd5 Bb7 15. Qd2 g6 16. f4 Nd7 17. g5 O-O-O 18. c4 Bc6 19. Rhf1 Rhe8 20. f5 Ne5 21. f6 Bf8 22. Qc2 bxc4 23. Bxc4 Nxc4 24. Qxc4 Bb5 25. Qc3 Bxf1 26. Rxf1 d5 27. Bf4 Bd6 28. Bxd6 Rxd6 29. exd5 Rxd5 30. Qc4 Qd6 31. Ne4 Qe6 32. Re1 Rd1+ 33. Kxd1 Rd8+ 34. Nd6+ Rxd6+ 0-1

[Event "World Junior U20 Open 2018"]
[Site "Gebze"]
[Date "2018.09.06"]
[Round "2.76"]
[White "Pang, Tao"]
[Black "Ozgur, Tibet Kagan"]
[Result "1-0"]
[ECO "E11"]
[WhiteElo "2290"]
[BlackElo "2056"]
[Annotator "NA"]
[PlyCount "155"]
[EventDate "2018.09.05"]
[EventType "swiss"]
[EventCountry "TUR"]
[SourceTitle "playchess.com"]
[Source "ChessBase"]
[SourceQuality "1"]
[TimeControl "40/5400+30:1800+30"]

1. Nf3 Nf6 2. c4 e6 3. d4 Bb4+ 4. Bd2 Qe7 5. Nc3 Bxc3 6. Bxc3 Ne4 7. Qc2 Nxc3 8. Qxc3 O-O 9. g3 d6 10. Bg2 Nd7 {[%emt 0:01:30] E11: Bogo-Indian} (10... Re8 11. O-O e5 12. dxe5 dxe5 13. Nd2 Nd7 14. b4 Nf6 15. Ne4 Nxe4 16. Bxe4 c6 17. Rfd1 Bg4 18. Rd2 {0-1 (27) Sargissian,G (2671)-Tkachiev,V (2649) Khanty-Mansiysk 2013}) 11. O-O e5 12. Rfd1 e4 13. Nd2 Nf6 14. Nf1 d5 $146 ({Predecessor:} 14... Bd7 15. Ne3 c6 16. b4 Rac8 {½-½ (42) Schmidt,W (2228)-Zude,A (2390) Hessen 2016}) 15. cxd5 Nxd5 16. Qc5 Qe6 17. Rac1 c6 18. e3 Re8 19. Nd2 Qg6 20. Qc2 Bg4 21. Re1 Bf5 22. a3 h5 23. h4 Qe6 24. Nb3 Rac8 25. Nc5 Qe7 26. f3 Nf6 27. Qf2 g6 28. f4 b6 29. Na4 c5 30. dxc5 b5 31. Nc3 Rxc5 32. b4 Rc4 33. Nxb5 Rec8 34. Rxc4 Rxc4 35. Bf1 Rc8 36. Qb2 Nd5 37. Qd4 Nb6 38. Nd6 Rd8 39. Nxf5 gxf5 40. Qc5 Qe6 41. Qc2 Rc8 42. Qd2 $16 Qb3 43. Qe2 Qxa3 44. Qxh5 Qxb4 45. Rd1 Qc5 46. Rd4 Qa3 47. Kf2 Qa2+ 48. Be2 Qe6 49. g4 fxg4 50. Bxg4 Rc2+ 51. Kg3 Qe7 52. Bf5 f6 53. Qg6+ Kf8 54. Rxe4 Qf7 55. Qh6+ Qg7+ 56. Qxg7+ Kxg7 57. Re7+ Kf8 58. Re6 Rc3 59. Rxf6+ Kg7 60. Re6 Nd5 61. Kf3 Kf7 62. Re5 Ne7 63. Be4 Rc1 64. Ra5 Rh1 65. h5 Rh3+ 66. Ke2 Rh2+ 67. Kd3 Nc8 68. Bf5 Ne7 69. Bg6+ Nxg6 70. hxg6+ Kxg6 71. Rxa7 Rh3 72. Kd4 Rf3 73. Ra6+ Kf7 74. Ke4 Rh3 75. f5 Rh8 76. Kf4 Rh4+ 77. Ke5 Rh5 78. e4 1-0

[Event "World Junior U20 Open 2018"]
[Site "Gebze"]
[Date "2018.09.06"]
[Round "2.77"]
[White "Cadilhac, Igor Tokuichi Kikuc"]
[Black "Baylav, Can"]
[Result "1-0"]
[ECO "B90"]
[WhiteElo "2286"]
[BlackElo "2026"]
[Annotator "NA"]
[PlyCount "63"]
[EventDate "2018.09.05"]
[EventType "swiss"]
[EventCountry "TUR"]
[SourceTitle "playchess.com"]
[Source "ChessBase"]
[SourceQuality "1"]
[TimeControl "40/5400+30:1800+30"]

1. e4 c5 2. Nf3 d6 3. d4 cxd4 4. Nxd4 Nf6 5. Nc3 a6 6. Nb3 e6 7. g4 Be7 8. Be3 h6 9. Qe2 b5 10. Bg2 Bb7 11. f4 Nbd7 12. a3 Rc8 13. O-O-O Qc7 14. Kb1 Qc4 15. Qf3 d5 16. Na5 dxe4 17. Qh3 Qc7 18. Nxb7 Qxb7 19. g5 Nd5 20. Nxd5 exd5 21. Qf5 Bc5 22. Rxd5 Bxe3 23. Qxe4+ Kf8 24. Qxe3 Qc7 25. Re1 Nb6 26. Re5 Kg8 27. Re8+ Kh7 28. Be4+ g6 29. Bxg6+ Kg7 30. gxh6+ Rxh6 31. Bxf7 Qxf4 32. Rg1+ 1-0

[Event "World Junior U20 Open 2018"]
[Site "Gebze"]
[Date "2018.09.06"]
[Round "2.78"]
[White "Ozsakallioglu, Okan"]
[Black "Gulbeyaz, Emir"]
[Result "1/2-1/2"]
[ECO "B09"]
[WhiteElo "1955"]
[BlackElo "2285"]
[Annotator "ChessBase"]
[PlyCount "64"]
[EventDate "2018.09.05"]
[EventType "swiss"]
[EventCountry "TUR"]
[SourceTitle "playchess.com"]
[Source "ChessBase"]
[SourceQuality "1"]
[TimeControl "40/5400+30:1800+30"]

1. e4 g6 2. d4 Bg7 3. Nc3 d6 4. f4 Nf6 5. Nf3 c5 6. Bb5+ Nfd7 7. dxc5 dxc5 8. e5 O-O 9. O-O a6 10. Bc4 Nb6 11. Qxd8 Rxd8 12. Bd3 Bf5 13. Bxf5 gxf5 14. Be3 N8d7 15. a4 e6 16. a5 Nc4 17. Bc1 b6 18. axb6 Ncxb6 19. Rd1 f6 20. exf6 Bxf6 21. Re1 Kf7 22. Na4 Nd5 23. c3 Rg8 24. Re2 Rg4 25. h3 Rg3 26. Kh2 Rag8 27. c4 Nb4 28. Ng5+ R3xg5 29. fxg5 Bd4 30. Bd2 e5 31. Bc3 Rb8 32. Bxb4 Rxb4 1/2-1/2

[Event "World Junior U20 Open 2018"]
[Site "Gebze"]
[Date "2018.09.06"]
[Round "2.79"]
[White "Agdelen, Huseyin Can"]
[Black "Helander, Benjamin"]
[Result "1-0"]
[ECO "C05"]
[WhiteElo "2280"]
[BlackElo "1994"]
[Annotator "NA"]
[PlyCount "55"]
[EventDate "2018.09.05"]
[EventType "swiss"]
[EventCountry "TUR"]
[SourceTitle "playchess.com"]
[Source "ChessBase"]
[SourceQuality "1"]
[TimeControl "40/5400+30:1800+30"]

1. e4 e6 2. d4 d5 3. Nd2 Nf6 4. e5 Nfd7 5. c3 c5 6. f4 Nc6 7. Ndf3 cxd4 8. cxd4 Bb4+ {[%emt 0:02:30] LiveBook: 39 Games} 9. Kf2 O-O 10. g3 {[%emt 0:01:30] C05: French Tarrasch: 3...Nf6 4 e5 Nfd7, 5 f4 and 5 Bd3 sidelines} f6 11. Kg2 Qe7 $146 ({Predecessor:} 11... a6 12. Bd3 b5 13. Ne2 f5 14. Rg1 Kh8 15. Kh1 Nb6 {1-0 (60) Budnikov,O (2422)-Larkin,V (2112) Lutsk 2018}) 12. a3 Ba5 13. Bd3 Rd8 14. h4 f5 15. h5 h6 16. Be3 Nf8 $16 17. Nh3 Bd7 18. Nf2 Rac8 19. Qe2 Qf7 20. Rag1 Ne7 21. Rh2 Rc7 22. Kh1 Be8 23. g4 fxg4 24. Nxg4 Kh8 25. Ng5 hxg5 26. fxg5 Nf5 27. g6 Qe7 28. h6 1-0

[Event "World Junior U20 Open 2018"]
[Site "Gebze"]
[Date "2018.09.06"]
[Round "2.80"]
[White "Akdogan, Alperen"]
[Black "Akin, Kadir"]
[Result "0-1"]
[ECO "E05"]
[WhiteElo "2278"]
[BlackElo "1974"]
[Annotator "ChessBase"]
[PlyCount "86"]
[EventDate "2018.09.05"]
[EventType "swiss"]
[EventCountry "TUR"]
[SourceTitle "playchess.com"]
[Source "ChessBase"]
[SourceQuality "1"]
[TimeControl "40/5400+30:1800+30"]

1. d4 d5 2. Nf3 Nf6 3. c4 e6 4. g3 Be7 5. Bg2 O-O 6. O-O dxc4 7. Qc2 a6 8. a4 Bd7 9. Rd1 Bc6 10. Nc3 Bxf3 11. Bxf3 Nc6 12. Bxc6 bxc6 13. a5 Rb8 14. e4 Rb3 15. Ra4 Rb4 16. Ra2 Qb8 17. Be3 Qb7 18. Qe2 Rd8 19. f3 h6 20. Rd2 Rb8 21. Kg2 Nd7 22. e5 c5 23. d5 Nxe5 24. dxe6 Nd3 25. exf7+ Kxf7 26. Ne4 Qb5 27. Rc2 Rb3 28. Nd2 Nb4 29. Nxc4 Nxa2 30. Bf4 Bf6 31. Bxc7 Re8 32. Nd6+ Kf8 33. Nxe8 Qxe8 34. Qc4 Qf7 35. Qxc5+ Kg8 36. Bf4 Nb4 37. Qc8+ Kh7 38. Qc5 Nxc2 39. Qxc2+ g6 40. Qc6 Rxb2+ 41. Kh3 Be7 42. Qc7 Re2 43. Qb8 Bg5 0-1

[Event "World Junior U20 Open 2018"]
[Site "Gebze"]
[Date "2018.09.06"]
[Round "2.81"]
[White "Beukema, Christiaan"]
[Black "Yaran, Siar"]
[Result "0-1"]
[ECO "B01"]
[WhiteElo "1904"]
[BlackElo "2271"]
[Annotator "NA"]
[PlyCount "122"]
[EventDate "2018.09.05"]
[EventType "swiss"]
[EventCountry "TUR"]
[SourceTitle "playchess.com"]
[Source "ChessBase"]
[SourceQuality "1"]
[TimeControl "40/5400+30:1800+30"]

1. e4 d5 2. exd5 Qxd5 3. Nc3 Qd8 4. d4 Nf6 5. Nf3 Bg4 6. Be2 e6 7. O-O {[%emt 0:00:30] LiveBook: 6 Games} c6 {[%emt 0:01:30] B01: Scandinavian Defence} 8. Bg5 (8. h3 Bxf3 9. Bxf3 {½-½ (9) Andreev,E (2417)-Usmanov,V (2467) St Petersburg 2017}) 8... Be7 9. h3 Bxf3 10. Bxf3 O-O $146 ({Predecessor:} 10... Nbd7 11. Re1 O-O 12. Qd2 Nb6 13. Rad1 Nbd5 {0-1 (32) De la Riva Fernandez,E-Sebastian Lorente,P (2150) San Jose 1997}) 11. Ne2 Nbd7 12. c3 Qc7 13. Bf4 Bd6 14. Bxd6 Qxd6 15. Qb3 Qc7 16. Ng3 Rfe8 17. Rfe1 g6 18. Rad1 Re7 19. Re2 Rae8 20. Rde1 Kg7 21. a4 e5 22. d5 cxd5 23. Bxd5 Nc5 24. Qa2 Nxd5 25. Qxd5 Nxa4 26. Ra1 Nb6 27. Qd2 f6 28. Rxa7 e4 29. Nf1 Nc4 30. Qc2 e3 31. fxe3 Nxe3 32. Nxe3 Rxe3 33. Rxe3 Rxe3 34. Qf2 Rd3 35. Ra1 Qd6 36. Qa7 Qd5 37. Rf1 Rd2 38. Rf2 Rd1+ 39. Kh2 Qe5+ 40. g3 Qe4 41. Rg2 Qe1 42. Qg1 Qxg1+ 43. Rxg1 Rd3 44. Rg2 f5 45. Re2 Kf6 46. Kg2 g5 47. Kf2 h5 48. Re3 Rd8 49. Ke2 g4 50. h4 f4 51. gxf4 Kf5 52. Re5+ Kxf4 53. Rxh5 Rd7 54. Rh8 Kg3 $15 55. h5 Kh2 56. Rf8 g3 57. Kf3 g2 58. Rf4 Kh3 59. Kf2 Rd2+ 60. Ke3 g1=Q+ 61. Kxd2 Qg5 0-1